 Dungeon Crawl Stone Soup version 0.31.0-11-ge490571c62 (webtiles) character file.

Game seed: 11499006895937263647

855 Rassilon the Insei (level 7, 0/56 HPs)
             Began as a Demonspawn Monk on Feb 2, 2024.
             Slain by an adder (2 damage)
             ... on level 5 of the Dungeon.
             The game lasted 00:14:17 (4175 turns).

Rassilon the Insei (Demonspawn Monk)                Turns: 4175, Time: 00:14:18

Health: 0/56       AC:  3    Str: 13    XL:     7   Next: 70%
Magic:  7/7        EV: 15    Int: 11    God:
Gold:   280        SH:  0    Dex: 15    Spells: 4/6 levels left

rFire   . .          .
                       - Unarmed
rCold   + . .        (no shield)
rNeg    . . .        e - +0 leather armour {rC+}
rPois   .            (helmet restricted)
rElec   .            (no cloak)
rCorr   +            (no gloves)
SInv    .            (no boots)
Will    .....        (no amulet)
Stlth   +            j - ring of flight
HPRegen 0.29/turn    r - ring of resist corrosion
MPRegen 0.10/turn

%: no passive effects
@: lethally poisoned (0 -> -4), on berserk cooldown, flying, slowed, studying
Long Blades, very slow
A: horns 2, repulsion field 1, demonic guardian 1
a: no special abilities


You were on level 5 of the Dungeon.
You visited 1 branch of the dungeon, and saw 5 of its levels.

You collected 280 gold pieces.

Inventory:

Missiles
 x - 4 atropa-tipped darts (quivered)
Armour
 a - a +0 robe
 e - a +0 leather armour of cold resistance (worn)
Jewellery
 f - a ring of positive energy
 i - a ring of wizardry
 j - a ring of flight (left hand)
 r - a ring of resist corrosion (right hand)
Wands
 w - a wand of flame (6)
Scrolls
 c - a scroll of amnesia {unknown}
 h - a scroll of noise {unknown}
 m - 3 scrolls of blinking
 n - a scroll of torment {unknown}
 q - a scroll of teleportation
 t - a scroll of immolation {unknown}
 y - a scroll of revelation
 A - a scroll of poison {unknown}
 C - 2 scrolls of identify
Potions
 d - 3 potions of magic
 g - 2 potions of resistance
 k - 2 potions of cancellation
 l - a potion of mutation
 o - a potion of curing
 p - a potion of haste {unknown}
 s - a potion of heal wounds {unknown}
 u - a potion of attraction {unknown}
 v - 3 potions of degeneration {unknown}
 z - a potion of lignification {unknown}
 B - a potion of might {unknown}


   Skills:
 + Level 5.2 Fighting
 + Level 4.8 Dodging
 * Level 6.2 Unarmed Combat


You had 4 spell levels left.
You knew the following spells:

 Your Spells              Type           Power      Damage    Failure   Level
a - Mercury Vapours       Alch/Air       0%         N/A       56%         2

Your spell library contained the following spells:

 Spells                   Type           Power      Damage    Failure   Level
 Scorch                   Fire           0%         2d5       56%         2
 Mephitic Cloud           Conj/Alch/Air  0%         N/A       80%         3
 Flame Wave               Conj/Fire      0%         2d4       99%         4
 Vhi's Electric Charge    Tloc/Air       0%         N/A       99%         4
 Arcjolt                  Conj/Air       0%         1d10      100%        5
 Freezing Cloud           Conj/Ice/Air   0%         6-21      100%        5
 Plasma Beam              Fire/Air       0%         2x1d10    100%        6
 Summon Cactus Giant      Summ           0%         N/A       100%        6


Dungeon Overview and Level Annotations

Branches:
Dungeon (5/15)
 Temple: D:4-7

Altars:
Vehumet

Annotations:
D:5 2 transporters


Innate Abilities, Weirdness & Mutations

You have a pair of horns on your head.
You are surrounded by a mild repulsion field. (EV +2)
A weak demonic guardian rushes to your aid.


Message History

The hound is heavily wounded.
The wyvern bites you.
* * * LOW HITPOINT WARNING * * *
A centaur comes into view.
The adder misses you. The hound barely misses you.
Unknown command.
The hound attacks as it pursues you! The hound misses you.
You punch the wyvern!
You kill the wyvern!
The ogre barely misses your shadow imp. The adder misses you.
Your Unarmed Combat skill increases to level 6!
Unknown command.
Your shadow imp barely misses the ogre.
The adder bites your shadow imp but does no damage.
The scorpion stings your shadow imp but does no damage.
Unknown command.
You punch the hound!
You kill the hound!
Your shadow imp closely misses the adder.
The ogre barely misses your shadow imp. The adder bites your shadow imp.
The scorpion closely misses your shadow imp.
You feel a strong urge to attack something.
The adder bites your shadow imp.
Your shadow imp misses the adder.
The scorpion stings your shadow imp but does no damage.
You are no longer berserk.
You are exhausted.
You feel yourself slow down.
The ogre hits your shadow imp with a +0 giant club!
Your shadow imp dies!
Your shadow imp disappears in a puff of smoke!
You hit the adder. Your punch misses the adder.
The adder is moderately wounded.
The adder bites you.
* * * LOW HITPOINT WARNING * * *
You are poisoned.
The adder poisons you! The scorpion stings you.
* * * LOW HITPOINT WARNING * * *
The adder bites you.
You die...

.......# ######## ##
...## ...# ..# ##.##
##...## ##..@..##
##.[.Ss..#############
#....O................
#...........###.######
##.......#..###..###.#
##..)...............#
##..#####.######.#.#
..#.# ### .# # .>.#..
# #


You could see an ogre, a scorpion and an adder.

Vanquished Creatures
  A wyvern (D:5)
  2 black bears
  An ogre (D:5)
  3 hounds
  An orc priest (D:2)
  Natasha (D:3)
  An iguana (D:5)
  2 gnolls
  3 adders
  A ribbon worm (D:2)
  4 dart slugs
  13 orcs
  7 bats
  3 endoplasms
  4 giant cockroaches
  9 goblins
  2 hobgoblins
  3 jackals (D:3)
  3 quokkas
  4 ball pythons
  6 frilled lizards
  12 kobolds
  5 rats
91 creatures vanquished.

Vanquished Creatures (collateral kills)
  An orc priest (D:5)
  Natasha (twice) (D:3)
  An orc wizard (D:4)
  3 gnolls (D:3)
  An orc (D:5)
  A hobgoblin (D:3)
9 creatures vanquished.

Grand Total: 100 creatures vanquished

Notes
Turn   | Place    | Note
-------+----------+-------------------------------------------
     0 | D:1      | Rassilon the Demonspawn Monk began the quest for the Orb.
     0 | D:1      | Reached XP level 1. HP: 18/18 MP: 1/1
    77 | D:1      | Reached skill level 3 in Unarmed Combat
   136 | D:1      | Gained mutation: You have a pair of small horns on your
                  | head. [demonic ancestry]
   136 | D:1      | Reached XP level 2. HP: 21/24 MP: 2/2
   435 | D:1      | Found a faded altar of an unknown god.
   444 | D:1      | Gained mutation: A weak demonic guardian rushes to your
                  | aid. [demonic ancestry]
   444 | D:1      | Reached XP level 3. HP: 25/29 MP: 3/3
  1680 | D:3      | Found a radiant altar of Vehumet.
  1724 | D:2      | Reached XP level 4. HP: 31/36 MP: 4/4
  1864 | D:2      | Reached skill level 4 in Unarmed Combat
  2014 | D:3      | Gained mutation: You have a pair of horns on your head.
                  | [demonic ancestry]
  2014 | D:3      | Reached XP level 5. HP: 38/42 MP: 5/5
  2034 | D:3      | Learned a level 2 spell: Mercury Vapours
  2342 | D:3      | Noticed Natasha
  2354 | D:3      | Killed Natasha
  2364 | D:3      | Noticed Natasha
  2372 | D:3      | Killed Natasha
  2438 | D:3      | Noticed Natasha
  2446 | D:3      | Killed Natasha
  2447 | D:3      | Gained mutation: You are surrounded by a mild repulsion
                  | field. (EV +2) [demonic ancestry]
  2447 | D:3      | Reached XP level 6. HP: 39/48 MP: 6/6
  3172 | D:4      | Reached skill level 5 in Unarmed Combat
  3469 | D:5      | Entered Level 5 of the Dungeon
  3510 | D:5      | Found a transporter.
  3527 | D:5      | Found a transporter.
  3572 | D:5      | Reached XP level 7. HP: 29/55 MP: 7/7
  4028 | D:5      | Reached skill level 5 in Fighting
  4155 | D:5      | Noticed a wyvern
  4168 | D:5      | Killed a wyvern
  4169 | D:5      | Reached skill level 6 in Unarmed Combat
  4175 | D:5      | HP: 2/56 [scorpion (5)]
  4175 | D:5      | Slain by an adder

Illustrated notes

Levels and vault maps discovered:
D:1:      wander_arrival_chamber, layout_loops_ring,
          shapermc_ecumenical_altar_mp_urbaneastern, due_unseen_surprise
D:2:      layout_loops_corners
D:3:      layout_basic, vehumet_altar_wand_db, uniq_natasha
D:4:      layout_gridville
D:5:      gammafunk_steamed_eel, layout_basic, minmay_manual_monolith

Skill      XL: |  1  2  3  4  5  6  7 |
---------------+----------------------+-----
Unarmed Combat | 3 4 5 6 |  6.2
Dodging        | 3 4 |  4.8
Fighting       | 4 5 |  5.2

Action                     |  1- 3 |  4- 6 |  7- 9 || total
---------------------------+-------+-------+-------++-------
  Melee: Unarmed           |   106 |   152 |    40 ||   298
         Headbutt          |    14 |    27 |     6 ||    47
         Punch             |       |     1 |       ||     1
  Evoke: Wand              |       |       |     3 ||     3
    Use: Potion            |       |     1 |     1 ||     2
         Scroll            |       |     9 |       ||     9
   Stab: Distracted        |       |       |     1 ||     1
 Armour: Robe              |    45 |    97 |    10 ||   152
         Leather armour    |       |       |    17 ||    17
  Dodge: Dodged            |    59 |   124 |    37 ||   220
